Oilers vs Sharks

Created - January 12, 2016 at 18:33

Goals
1 2 3 T
Oilers 0 1 0 1
Sharks 1 2 0 3
Shots
1 2 3 T
Oilers 12 15 15 42
Sharks 8 9 7 24

1st period

1. Sharks , Andrew Shaw 20 (Brooks Laich, Nikolai Kulemin) at 6:33

Penalties :
Kyle Quincey (EDM) for Cross-checking (Minor) at 11:01

2nd period

2. Sharks , Matt Beleskey 13 (Robert Bortuzzo, David Savard) at 5:24
3. Sharks , Matt Beleskey 14 (Nick Bjugstad, Charlie Coyle) at 6:26
4. Oilers , Gabriel Landeskog 15 (Jay Beagle, Ryan Kesler) at 13:45

Penalties :
Colin McDonald (SJS) for Roughing (Minor) at 8:44, Robert Bortuzzo (SJS) for Hooking (Minor) at 11:33, Matt Beleskey (SJS) for High sticking (Minor) at 17:57

3rd period

No Goal

Penalties :
Brooks Laich (SJS) for Hooking (Minor) at 1:57, David Savard (SJS) for Interference (Minor) at 7:46, Marco Scandella (EDM) for Tripping (Minor) at 11:11, Andrej Sustr (SJS) for Slashing (Minor) at 15:07, Jay Beagle (EDM) for Holding (Minor) at 15:07

Goalie Stats

Cam Ward (EDM), 21 saves from 24 shots - (0.875), L, 8-15-4, 60:00 minutes
Jonas Hiller (SJS), 41 saves from 42 shots - (0.976), W, 18-11-4, 60:00 minutes

Players Stats for Oilers

Player Name              G  A  P  +/- PIM S  H  SB GA TA FO     MP     PP MP  PK MP  
------------------------------------------------------------------------------------
Aleksander Barkov        0  0  0  -1  0   3  0  0  0  0  9/17   12:14   0:00   0:00 
Bo Horvat                0  0  0   0  0   3  0  0  0  0  4/11    5:59   0:00   0:00 
Brad Stuart              0  0  0  -1  0   1  0  0  0  0  0/0    23:42   4:58   1:48 
Brian Campbell           0  0  0   0  0   3  0  2  0  0  0/0    22:02   4:58   1:52 
Dominic Moore            0  0  0  -1  0   1  1  0  0  0  5/7    14:33   0:00   2:27 
Gabriel Landeskog        1  0  1   0  0   14 1  0  0  0  1/1    20:28   5:03   0:00 
Jay Beagle               0  1  1   0  2   0  0  0  0  0  0/1    17:02   1:38   0:00 
Jeff Schultz             0  0  0   1  0   0  0  1  0  0  0/0    11:40   0:00   1:52 
Justin Williams          0  0  0  -1  0   4  0  0  0  0  2/4    21:21   4:52   0:00 
Kyle Quincey             0  0  0   1  2   0  1  0  0  0  0/0    10:57   0:00   1:10 
Landon Ferraro           0  0  0   0  0   0  0  0  0  0  1/1     1:26   0:00   0:00 
Marc-Edouard Vlasic      0  0  0  -2  0   2  0  1  0  0  0/0    25:16   4:57   0:56 
Marco Scandella          0  0  0  -3  2   4  4  2  0  0  0/0    26:21   4:57   0:18 
Matt Read                0  0  0  -1  0   1  3  0  0  0  0/0    18:23   3:19   2:27 
Mikkel Boedker           0  0  0  -1  0   3  3  0  0  0  0/1    17:02   4:58   0:00 
Ryan Kesler              0  1  1   0  0   1  4  0  0  0  18/29  21:59   5:03   1:31 
Scottie Upshall          0  0  0   0  0   1  1  0  0  0  0/1     5:06   0:00   0:00 
Tyler Bozak              0  0  0  -1  0   1  1  0  0  0  12/22  18:29   4:52   1:31 

Players Stats for Sharks

Player Name              G  A  P  +/- PIM S  H  SB GA TA FO     MP     PP MP  PK MP  
------------------------------------------------------------------------------------
Alexander Wennberg       0  0  0   0  0   0  0  1  0  0  7/16   15:43   1:55   0:00 
Andrej Sustr             0  0  0   1  2   0  3  0  0  0  0/0    17:55   1:44   1:29 
Andrew Shaw              1  0  1   1  0   4  4  0  0  0  14/24  20:02   2:03   5:04 
Brooks Laich             0  1  1   1  2   2  0  0  0  0  0/0    11:42   0:00   0:00 
Charlie Coyle            0  1  1   2  0   1  0  0  0  0  5/11   19:47   1:49   4:51 
Colin McDonald           0  0  0   0  2   1  1  0  0  0  2/3    13:53   0:06   0:00 
David Savard             0  1  1   1  2   1  2  3  0  0  0/0    24:42   2:14   4:02 
Jannik Hansen            0  0  0   0  0   4  0  0  0  0  1/2    19:39   0:00   5:04 
Jordan Leopold           0  0  0   0  0   0  0  0  0  0  0/0     0:00   0:00   0:00 
Ladislav Smid            0  0  0   0  0   0  5  2  0  0  0/0    13:23   0:00   0:26 
Mark Pysyk               0  0  0   1  0   1  3  1  0  0  0/0    23:06   1:44   5:27 
Martin Havlat            0  0  0  -1  0   1  0  0  0  0  0/0     5:30   0:00   0:00 
Martin Marincin          0  0  0   0  0   2  0  1  0  0  0/0    16:48   0:00   4:30 
Matt Beleskey            2  0  2   2  2   4  2  0  0  0  1/1    15:09   2:03   0:00 
Nick Bjugstad            0  1  1   1  0   0  4  0  0  0  13/38  21:27   2:03   0:00 
Nikolai Kulemin          0  1  1   1  0   2  0  0  0  0  0/0    19:41   1:55   4:51 
Robert Bortuzzo          0  1  1   1  2   1  5  2  0  0  0/0    24:03   2:14   3:56 
Viktor Stalberg          0  0  0  -1  0   0  0  0  0  0  0/0     5:30   0:00   0:00 

3 Stars

1 - Matt Beleskey (SJS)
2 - Jonas Hiller (SJS)
3 - Andrew Shaw (SJS)

Power Play

Oilers - 0 on 5 Attempt(s) - 0.00%
Sharks - 0 on 2 Attempt(s) - 0.00%

Penalty Kill

Oilers - 2 on 2 Attempt(s) - 100.00% - Score 0 goal in Penalty Kill
Sharks - 5 on 5 Attempt(s) - 100.00% - Score 0 goal in Penalty Kill

Team Stat

Oilers - Hits : 19 - Faceoff Wins : 52 - Blocked Shots : 6 - Penalty Minutes : 6
Sharks - Hits : 29 - Faceoff Wins : 43 - Blocked Shots : 10 - Penalty Minutes : 12

Official

Referees : Gord Dwyer and Garrett Rank
Linesman : Mark Wheler and Greg Devorski

Game Notes

No Game Note

Finance

Level 1 -- Attendance: 6490 (99.85%) -- Ticket Income $649,000
Level 2 -- Attendance: 4957 (99.14%) -- Ticket Income $297,420
Level 3 -- Attendance: 3321 (94.89%) -- Ticket Income $116,235
Level 4 -- Attendance: 1562 (100.00%) -- Ticket Income $31,240
Luxury Box -- Attendance: 1000 (100.00%) -- Ticket Income $200,000
Game was played at the SAP center.
Total Attendance: 17330 (98.68%)
Total Ticket Income: $1,293,895
Other Income: $194,084
Total Income: $1,487,979

% Time on Ice - Oilers

Lines # - Real PCT - Wanted PCT - Time Play
Normal Forward
1 - 35% - 33% - 15:25
2 - 27% - 30% - 12:06
3 - 27% - 27% - 12:04
4 - 10% - 10% - 4:33
Normal Defense
1 - 41% - 40% - 17:57
2 - 31% - 30% - 13:46
3 - 22% - 20% - 9:48
4 - 6% - 10% - 2:37
PP Forward
1 - 51% - 50% - 5:03
2 - 49% - 50% - 4:52
PP Defense
1 - 50% - 60% - 4:57
2 - 50% - 40% - 4:58
PK Forward
1 - 62% - 60% - 2:27
2 - 38% - 40% - 1:31
PK Defense
1 - 53% - 55% - 2:06
2 - 47% - 45% - 1:52
PK3 Forward
1 - 0% - 60%
2 - 0% - 40%
PK3 Defense
1 - 0% - 50%
2 - 0% - 50%
44 Forward
1 - 72% - 50% - 1:26
2 - 28% - 50% - 0:33
44 Defense
1 - 28% - 60% - 0:33
2 - 72% - 40% - 1:26
Last Minute Offensive  - 0:00
Last Minute Defensive  - 0:00
Total
Forward - 60:00
Defense - 60:00

% Time on Ice - Sharks

Lines # - Real PCT - Wanted PCT - Time Play
Normal Forward
1 - 30% - 31% - 13:07
2 - 27% - 28% - 11:43
3 - 31% - 26% - 13:48
4 - 12% - 15% - 5:30
Normal Defense
1 - 39% - 40% - 17:07
2 - 33% - 35% - 14:43
3 - 28% - 25% - 12:18
4 - 0% - 0% - 0:00
PP Forward
1 - 52% - 60% - 2:03
2 - 48% - 40% - 1:55
PP Defense
1 - 56% - 60% - 2:14
2 - 44% - 40% - 1:44
PK Forward
1 - 49% - 50% - 4:51
2 - 51% - 50% - 5:04
PK Defense
1 - 55% - 60% - 5:25
2 - 45% - 40% - 4:30
PK3 Forward
1 - 0% - 60%
2 - 0% - 40%
PK3 Defense
1 - 0% - 60%
2 - 0% - 40%
44 Forward
1 - 39% - 50% - 0:47
2 - 61% - 50% - 1:12
44 Defense
1 - 39% - 50% - 0:47
2 - 61% - 50% - 1:12
Last Minute Offensive  - 0:00
Last Minute Defensive  - 0:00
Total
Forward - 60:00
Defense - 60:00

Play by Play

1st period


0:01 of 1st period - Gabriel Landeskog wins face-off versus Nick Bjugstad in neutral zone.
0:03 of 1st period - Off-side.
0:04 of 1st period - Tyler Bozak wins face-off versus Andrew Shaw in neutral zone.
1:19 of 1st period - David Savard is hit by Matt Read and loses puck.
2:13 of 1st period - Shot by Gabriel Landeskog.
2:13 of 1st period - Stopped by Jonas Hiller without a rebound.
2:14 of 1st period - Nick Bjugstad wins face-off versus Bo Horvat in Sharks zone.
2:16 of 1st period - Icing by Charlie Coyle.
2:17 of 1st period - Nick Bjugstad wins face-off versus Bo Horvat in Sharks zone.
2:17 of 1st period - Nick Bjugstad is hit by Scottie Upshall.
2:32 of 1st period - Shot by Scottie Upshall.
2:32 of 1st period - Stopped by Jonas Hiller without a rebound.
2:33 of 1st period - Ryan Kesler wins face-off versus Nick Bjugstad in Sharks zone.
3:47 of 1st period - Shot by Nikolai Kulemin.
3:47 of 1st period - Shot Misses the Net.
4:47 of 1st period - Shot by Aleksander Barkov.
4:47 of 1st period - Stopped by Jonas Hiller without a rebound.
4:48 of 1st period - Ryan Kesler wins face-off versus Nick Bjugstad in Sharks zone.
5:13 of 1st period - Shot by Gabriel Landeskog.
5:13 of 1st period - Shot Misses the Net.
5:53 of 1st period - Shot by Colin McDonald.
5:53 of 1st period - Shot Misses the Net.
6:31 of 1st period - Shot by Andrew Shaw.
6:31 of 1st period - Shot Misses the Net.
6:33 of 1st period - Shot by Brooks Laich.
6:33 of 1st period - Deflect By Andrew Shaw.
6:33 of 1st period - Goal by Andrew Shaw - Oilers : 0 - Sharks : 1.
6:34 of 1st period - Nick Bjugstad wins face-off versus Mikkel Boedker in neutral zone.
6:55 of 1st period - Shot by Mikkel Boedker.
6:55 of 1st period - Stopped by Jonas Hiller with a rebound.
7:01 of 1st period - Shot by Mikkel Boedker.
7:01 of 1st period - Shot Misses the Net.
7:03 of 1st period - Shot by Brian Campbell.
7:03 of 1st period - Stopped by Jonas Hiller without a rebound.
7:04 of 1st period - Andrew Shaw wins face-off versus Bo Horvat in Sharks zone.
7:18 of 1st period - Icing by Jeff Schultz.
7:19 of 1st period - Alexander Wennberg wins face-off versus Bo Horvat in Oilers zone.
7:22 of 1st period - Shot by Jannik Hansen.
7:22 of 1st period - Stopped by Cam Ward without a rebound.
7:23 of 1st period - Aleksander Barkov wins face-off versus Alexander Wennberg in Oilers zone.
7:32 of 1st period - Shot by Jannik Hansen.
7:32 of 1st period - Shot Blocked by Brian Campbell.
8:03 of 1st period - Mikkel Boedker is hit by Mark Pysyk and loses puck.
8:08 of 1st period - Shot by Mikkel Boedker.
8:08 of 1st period - Stopped by Jonas Hiller without a rebound.
8:09 of 1st period - Nick Bjugstad wins face-off versus Tyler Bozak in Sharks zone.
8:38 of 1st period - Charlie Coyle is hit by Kyle Quincey and loses puck.
8:49 of 1st period - Shot by Matt Beleskey.
8:49 of 1st period - Stopped by Cam Ward without a rebound.
8:50 of 1st period - Andrew Shaw wins face-off versus Ryan Kesler in Oilers zone.
9:17 of 1st period - Shot by Nikolai Kulemin.
9:17 of 1st period - Deflect By Brooks Laich.
9:17 of 1st period - Stopped by Cam Ward without a rebound.
9:18 of 1st period - Colin McDonald wins face-off versus Aleksander Barkov in Oilers zone.
9:41 of 1st period - Shot by Jannik Hansen.
9:41 of 1st period - Stopped by Cam Ward without a rebound.
9:42 of 1st period - Bo Horvat wins face-off versus Nick Bjugstad in Oilers zone.
9:46 of 1st period - Off-side.
9:47 of 1st period - Nick Bjugstad wins face-off versus Bo Horvat in neutral zone.
10:53 of 1st period - Martin Marincin is hit by Mikkel Boedker and loses puck.
11:01 of 1st period - Minor Penalty to Kyle Quincey for Cross-checking.
11:02 of 1st period - Alexander Wennberg wins face-off versus Dominic Moore in Oilers zone.
11:56 of 1st period - Off-side.
11:57 of 1st period - Dominic Moore wins face-off versus Nick Bjugstad in neutral zone.
12:32 of 1st period - Shot by Matt Beleskey.
12:32 of 1st period - Shot Misses the Net.
13:06 of 1st period - Shot by Martin Marincin.
13:06 of 1st period - Stopped by Cam Ward without a rebound.
13:07 of 1st period - Colin McDonald wins face-off versus Bo Horvat in Oilers zone.
13:38 of 1st period - Shot by Justin Williams.
13:38 of 1st period - Stopped by Jonas Hiller with a rebound.
13:44 of 1st period - Shot by Justin Williams.
13:44 of 1st period - Deflect By Bo Horvat.
13:44 of 1st period - Stopped by Jonas Hiller with a rebound.
13:58 of 1st period - Shot by Ryan Kesler.
13:58 of 1st period - Stopped by Jonas Hiller without a rebound.
13:59 of 1st period - Nick Bjugstad wins face-off versus Aleksander Barkov in Sharks zone.
14:10 of 1st period - Shot by Martin Havlat.
14:10 of 1st period - Shot Blocked by Brian Campbell.
14:29 of 1st period - Icing by Brad Stuart.
14:30 of 1st period - Aleksander Barkov wins face-off versus Andrew Shaw in Oilers zone.
15:41 of 1st period - David Savard is hit by Dominic Moore and loses puck.
15:47 of 1st period - Off-side.
15:48 of 1st period - Charlie Coyle wins face-off versus Ryan Kesler in neutral zone.
15:54 of 1st period - Off-side.
15:55 of 1st period - Ryan Kesler wins face-off versus Nick Bjugstad in neutral zone.
15:55 of 1st period - Kyle Quincey is hit by Nick Bjugstad and loses puck.
16:02 of 1st period - Shot by Gabriel Landeskog.
16:02 of 1st period - Shot Misses the Net.
16:23 of 1st period - Ryan Kesler is hit by Nick Bjugstad and loses puck.
16:28 of 1st period - Andrej Sustr is hit by Ryan Kesler and loses puck.
16:44 of 1st period - Icing by Andrej Sustr.
16:45 of 1st period - Nick Bjugstad wins face-off versus Tyler Bozak in Sharks zone.
16:45 of 1st period - Charlie Coyle is hit by Tyler Bozak and loses puck.
16:59 of 1st period - Off-side.
17:00 of 1st period - Alexander Wennberg wins face-off versus Aleksander Barkov in neutral zone.
17:09 of 1st period - Shot by Colin McDonald.
17:09 of 1st period - Stopped by Cam Ward without a rebound.
17:10 of 1st period - Andrew Shaw wins face-off versus Tyler Bozak in Oilers zone.
17:26 of 1st period - Andrew Shaw is hit by Marco Scandella and loses puck.
17:38 of 1st period - Shot by Justin Williams.
17:38 of 1st period - Stopped by Jonas Hiller without a rebound.
17:39 of 1st period - Ryan Kesler wins face-off versus Alexander Wennberg in Sharks zone.
17:53 of 1st period - Icing by Brian Campbell.
17:54 of 1st period - Ryan Kesler wins face-off versus Nick Bjugstad in Oilers zone.
18:04 of 1st period - Brian Campbell is hit by Mark Pysyk and loses puck.
18:09 of 1st period - Shot by Gabriel Landeskog.
18:09 of 1st period - Stopped by Jonas Hiller without a rebound.
18:10 of 1st period - Tyler Bozak wins face-off versus Alexander Wennberg in Sharks zone.
18:31 of 1st period - Shot by Jannik Hansen.
18:31 of 1st period - Shot Misses the Net.
18:54 of 1st period - Icing by Robert Bortuzzo.
18:55 of 1st period - Alexander Wennberg wins face-off versus Ryan Kesler in Sharks zone.
19:24 of 1st period - Shot by Gabriel Landeskog.
19:24 of 1st period - Stopped by Jonas Hiller without a rebound.
19:25 of 1st period - Aleksander Barkov wins face-off versus Andrew Shaw in Sharks zone.
19:50 of 1st period - Shot by Andrew Shaw.
19:50 of 1st period - Stopped by Cam Ward without a rebound.
19:51 of 1st period - Justin Williams wins face-off versus Nick Bjugstad in Oilers zone.
Goals for this period are 0 for Oilers vs 1 for Sharks.
Shots for this period are 12 for Oilers vs 8 for Sharks.

2nd period


0:01 of 2nd period - Tyler Bozak wins face-off versus Nick Bjugstad in neutral zone.
0:17 of 2nd period - Icing by Robert Bortuzzo.
0:18 of 2nd period - Ryan Kesler wins face-off versus Nick Bjugstad in Sharks zone.
0:18 of 2nd period - Ryan Kesler is hit by Robert Bortuzzo.
0:26 of 2nd period - Shot by Ryan Kesler.
0:26 of 2nd period - Shot Blocked by David Savard.
0:28 of 2nd period - Shot by Brad Stuart.
0:28 of 2nd period - Deflect By Gabriel Landeskog.
0:28 of 2nd period - Stopped by Jonas Hiller without a rebound.
0:29 of 2nd period - Aleksander Barkov wins face-off versus Andrew Shaw in Sharks zone.
0:35 of 2nd period - Icing by Nikolai Kulemin.
0:36 of 2nd period - Andrew Shaw wins face-off versus Jay Beagle in Sharks zone.
0:58 of 2nd period - Shot by Gabriel Landeskog.
0:58 of 2nd period - Stopped by Jonas Hiller without a rebound.
0:59 of 2nd period - Nick Bjugstad wins face-off versus Aleksander Barkov in Sharks zone.
0:59 of 2nd period - Nick Bjugstad is hit by Mikkel Boedker.
1:05 of 2nd period - Aleksander Barkov is hit by Nick Bjugstad and loses puck.
1:47 of 2nd period - Icing by Nick Bjugstad.
1:48 of 2nd period - Nick Bjugstad wins face-off versus Tyler Bozak in Sharks zone.
2:45 of 2nd period - Off-side.
2:46 of 2nd period - Andrew Shaw wins face-off versus Ryan Kesler in neutral zone.
3:01 of 2nd period - Kyle Quincey is hit by Andrew Shaw and loses puck.
3:58 of 2nd period - Shot by Aleksander Barkov.
3:58 of 2nd period - Stopped by Jonas Hiller without a rebound.
3:59 of 2nd period - Bo Horvat wins face-off versus Alexander Wennberg in Sharks zone.
4:29 of 2nd period - Shot by Justin Williams.
4:29 of 2nd period - Stopped by Jonas Hiller without a rebound.
4:30 of 2nd period - Aleksander Barkov wins face-off versus Nick Bjugstad in Sharks zone.
4:47 of 2nd period - Shot by Robert Bortuzzo.
4:47 of 2nd period - Stopped by Cam Ward without a rebound.
4:48 of 2nd period - Andrew Shaw wins face-off versus Ryan Kesler in Oilers zone.
4:49 of 2nd period - Shot by Nikolai Kulemin.
4:49 of 2nd period - Deflect By Andrew Shaw.
4:49 of 2nd period - Stopped by Cam Ward without a rebound.
4:50 of 2nd period - Tyler Bozak wins face-off versus Nick Bjugstad in Oilers zone.
4:50 of 2nd period - Tyler Bozak is hit by Nick Bjugstad.
5:24 of 2nd period - Shot by Matt Beleskey.
5:24 of 2nd period - Goal by Matt Beleskey - Oilers : 0 - Sharks : 2.
5:25 of 2nd period - Ryan Kesler wins face-off versus Andrew Shaw in neutral zone.
6:04 of 2nd period - Shot by Mark Pysyk.
6:04 of 2nd period - Stopped by Cam Ward without a rebound.
6:05 of 2nd period - Aleksander Barkov wins face-off versus Nick Bjugstad in Oilers zone.
6:05 of 2nd period - Aleksander Barkov is hit by Matt Beleskey.
6:24 of 2nd period - Shot by Nick Bjugstad.
6:24 of 2nd period - Shot Misses the Net.
6:26 of 2nd period - Shot by Matt Beleskey.
6:26 of 2nd period - Goal by Matt Beleskey - Oilers : 0 - Sharks : 3.
6:27 of 2nd period - Alexander Wennberg wins face-off versus Tyler Bozak in neutral zone.
6:56 of 2nd period - Shot by David Savard.
6:56 of 2nd period - Shot Misses the Net.
6:58 of 2nd period - Shot by Jannik Hansen.
6:58 of 2nd period - Stopped by Cam Ward without a rebound.
6:59 of 2nd period - Ryan Kesler wins face-off versus Nick Bjugstad in Oilers zone.
7:10 of 2nd period - Shot by Jay Beagle.
7:10 of 2nd period - Shot Misses the Net.
7:39 of 2nd period - Shot by Gabriel Landeskog.
7:39 of 2nd period - Stopped by Jonas Hiller without a rebound.
7:40 of 2nd period - Aleksander Barkov wins face-off versus Andrew Shaw in Sharks zone.
8:34 of 2nd period - Brian Campbell is hit by Ladislav Smid and loses puck.
8:44 of 2nd period - Minor Penalty to Colin McDonald for Roughing.
8:45 of 2nd period - Charlie Coyle wins face-off versus Tyler Bozak in Sharks zone.
8:59 of 2nd period - Icing by Marco Scandella.
9:00 of 2nd period - Andrew Shaw wins face-off versus Tyler Bozak in Oilers zone.
9:28 of 2nd period - Icing by Jay Beagle.
9:29 of 2nd period - Charlie Coyle wins face-off versus Tyler Bozak in Oilers zone.
10:32 of 2nd period - Mark Pysyk is hit by Mikkel Boedker and loses puck.
10:54 of 2nd period - Off-side.
10:55 of 2nd period - Nick Bjugstad wins face-off versus Aleksander Barkov in neutral zone.
11:04 of 2nd period - Shot by Viktor Stalberg.
11:04 of 2nd period - Shot Misses the Net.
11:06 of 2nd period - Shot by Martin Marincin.
11:06 of 2nd period - Stopped by Cam Ward without a rebound.
11:07 of 2nd period - Tyler Bozak wins face-off versus Colin McDonald in Oilers zone.
11:07 of 2nd period - Tyler Bozak is hit by Colin McDonald.
11:18 of 2nd period - Marc-Edouard Vlasic is hit by David Savard and loses puck.
11:33 of 2nd period - Minor Penalty to Robert Bortuzzo for Hooking.
11:34 of 2nd period - Ryan Kesler wins face-off versus Charlie Coyle in Sharks zone.
11:39 of 2nd period - Shot by Brian Campbell.
11:39 of 2nd period - Stopped by Jonas Hiller without a rebound.
11:40 of 2nd period - Charlie Coyle wins face-off versus Ryan Kesler in Sharks zone.
11:40 of 2nd period - Charlie Coyle is hit by Gabriel Landeskog.
12:14 of 2nd period - Gabriel Landeskog is hit by David Savard and loses puck.
13:04 of 2nd period - Martin Marincin is hit by Matt Read and loses puck.
13:41 of 2nd period - Shot by Gabriel Landeskog.
13:41 of 2nd period - Stopped by Jonas Hiller with a rebound.
13:45 of 2nd period - Shot by Gabriel Landeskog.
13:45 of 2nd period - Goal by Gabriel Landeskog - Oilers : 1 - Sharks : 3.
13:46 of 2nd period - Bo Horvat wins face-off versus Nick Bjugstad in neutral zone.
13:55 of 2nd period - Shot by Bo Horvat.
13:55 of 2nd period - Stopped by Jonas Hiller without a rebound.
13:56 of 2nd period - Nick Bjugstad wins face-off versus Aleksander Barkov in Sharks zone.
14:03 of 2nd period - Shot by Mikkel Boedker.
14:03 of 2nd period - Stopped by Jonas Hiller without a rebound.
14:04 of 2nd period - Andrew Shaw wins face-off versus Ryan Kesler in Sharks zone.
14:04 of 2nd period - Andrew Shaw is hit by Ryan Kesler.
14:17 of 2nd period - Icing by Ladislav Smid.
14:18 of 2nd period - Tyler Bozak wins face-off versus Andrew Shaw in Sharks zone.
14:24 of 2nd period - Justin Williams is hit by Ladislav Smid and loses puck.
14:29 of 2nd period - Shot by Tyler Bozak.
14:29 of 2nd period - Shot Blocked by Ladislav Smid.
14:32 of 2nd period - Dominic Moore is hit by Ladislav Smid and loses puck.
14:42 of 2nd period - Shot by Dominic Moore.
14:42 of 2nd period - Stopped by Jonas Hiller without a rebound.
14:43 of 2nd period - Ryan Kesler wins face-off versus Nick Bjugstad in Sharks zone.
14:43 of 2nd period - Gabriel Landeskog is hit by Andrej Sustr and loses puck.
15:22 of 2nd period - Shot by Gabriel Landeskog.
15:22 of 2nd period - Shot Misses the Net.
15:37 of 2nd period - Icing by Matt Beleskey.
15:38 of 2nd period - Tyler Bozak wins face-off versus Nick Bjugstad in Sharks zone.
15:39 of 2nd period - Shot by Justin Williams.
15:39 of 2nd period - Shot Misses the Net.
16:08 of 2nd period - Shot by Alexander Wennberg.
16:08 of 2nd period - Shot Misses the Net.
16:22 of 2nd period - Shot by Jannik Hansen.
16:22 of 2nd period - Stopped by Cam Ward without a rebound.
16:23 of 2nd period - Aleksander Barkov wins face-off versus Andrew Shaw in Oilers zone.
16:23 of 2nd period - Aleksander Barkov is hit by Andrew Shaw.
16:30 of 2nd period - Mikkel Boedker is hit by Ladislav Smid and loses puck.
16:47 of 2nd period - Shot by Brooks Laich.
16:47 of 2nd period - Stopped by Cam Ward without a rebound.
16:48 of 2nd period - Ryan Kesler wins face-off versus Alexander Wennberg in Oilers zone.
16:53 of 2nd period - Shot by Jay Beagle.
16:53 of 2nd period - Shot Misses the Net.
17:13 of 2nd period - Shot by Ryan Kesler.
17:13 of 2nd period - Shot Blocked by David Savard.
17:15 of 2nd period - Shot by Ryan Kesler.
17:15 of 2nd period - Deflect By Gabriel Landeskog.
17:15 of 2nd period - Stopped by Jonas Hiller with a rebound.
17:17 of 2nd period - Shot by Gabriel Landeskog.
17:17 of 2nd period - Stopped by Jonas Hiller without a rebound.
17:18 of 2nd period - Tyler Bozak wins face-off versus Nick Bjugstad in Sharks zone.
17:57 of 2nd period - Minor Penalty to Matt Beleskey for High sticking.
17:58 of 2nd period - Ryan Kesler wins face-off versus Jannik Hansen in Sharks zone.
19:14 of 2nd period - Shot by Marco Scandella.
19:14 of 2nd period - Stopped by Jonas Hiller without a rebound.
19:15 of 2nd period - Charlie Coyle wins face-off versus Justin Williams in Sharks zone.
19:28 of 2nd period - Shot by Marco Scandella.
19:28 of 2nd period - Stopped by Jonas Hiller without a rebound.
19:29 of 2nd period - Jannik Hansen wins face-off versus Ryan Kesler in Sharks zone.
19:29 of 2nd period - Jannik Hansen is hit by Ryan Kesler.
19:41 of 2nd period - Shot by Gabriel Landeskog.
19:41 of 2nd period - Shot Blocked by Robert Bortuzzo.
Goals for this period are 1 for Oilers vs 2 for Sharks.
Shots for this period are 15 for Oilers vs 9 for Sharks.

3rd period


0:01 of 3rd period - Ryan Kesler wins face-off versus Charlie Coyle in neutral zone.
0:21 of 3rd period - Shot by Jay Beagle.
0:21 of 3rd period - Deflect By Gabriel Landeskog.
0:21 of 3rd period - Stopped by Jonas Hiller with a rebound.
0:23 of 3rd period - Shot by Gabriel Landeskog.
0:23 of 3rd period - Shot Blocked by Robert Bortuzzo.
1:17 of 3rd period - Icing by Brad Stuart.
1:18 of 3rd period - Andrew Shaw wins face-off versus Aleksander Barkov in Oilers zone.
1:27 of 3rd period - Shot by Brooks Laich.
1:27 of 3rd period - Deflect By Andrew Shaw.
1:27 of 3rd period - Shot Misses the Net.
1:57 of 3rd period - Minor Penalty to Brooks Laich for Hooking.
1:58 of 3rd period - Andrew Shaw wins face-off versus Justin Williams in Sharks zone.
3:05 of 3rd period - Shot by Gabriel Landeskog.
3:05 of 3rd period - Stopped by Jonas Hiller without a rebound.
3:06 of 3rd period - Ryan Kesler wins face-off versus Charlie Coyle in Sharks zone.
3:06 of 3rd period - Ryan Kesler is hit by Robert Bortuzzo.
3:10 of 3rd period - Shot by Marc-Edouard Vlasic.
3:10 of 3rd period - Stopped by Jonas Hiller without a rebound.
3:11 of 3rd period - Justin Williams wins face-off versus Andrew Shaw in Sharks zone.
3:23 of 3rd period - Shot by Marco Scandella.
3:23 of 3rd period - Shot Misses the Net.
3:25 of 3rd period - Shot by Marco Scandella.
3:25 of 3rd period - Stopped by Jonas Hiller with a rebound.
3:27 of 3rd period - Shot by Marco Scandella.
3:27 of 3rd period - Stopped by Jonas Hiller with a rebound.
3:29 of 3rd period - Shot by Marc-Edouard Vlasic.
3:29 of 3rd period - Stopped by Jonas Hiller without a rebound.
3:30 of 3rd period - Ryan Kesler wins face-off versus Charlie Coyle in Sharks zone.
4:17 of 3rd period - Icing by Ladislav Smid.
4:18 of 3rd period - Alexander Wennberg wins face-off versus Ryan Kesler in Sharks zone.
4:51 of 3rd period - Jay Beagle is hit by Ladislav Smid and loses puck.
4:56 of 3rd period - Shot by Gabriel Landeskog.
4:56 of 3rd period - Stopped by Jonas Hiller without a rebound.
4:57 of 3rd period - Dominic Moore wins face-off versus Nick Bjugstad in Sharks zone.
4:58 of 3rd period - Shot by Tyler Bozak.
4:58 of 3rd period - Stopped by Jonas Hiller without a rebound.
4:59 of 3rd period - Tyler Bozak wins face-off versus Nick Bjugstad in Sharks zone.
5:17 of 3rd period - Icing by Robert Bortuzzo.
5:18 of 3rd period - Nick Bjugstad wins face-off versus Aleksander Barkov in Sharks zone.
5:44 of 3rd period - Shot by Viktor Stalberg.
5:44 of 3rd period - Shot Blocked by Marc-Edouard Vlasic.
6:03 of 3rd period - Mikkel Boedker is hit by Andrej Sustr and loses puck.
6:27 of 3rd period - Ryan Kesler is hit by Mark Pysyk.
7:04 of 3rd period - Icing by Brad Stuart.
7:05 of 3rd period - Ryan Kesler wins face-off versus Nick Bjugstad in Oilers zone.
7:07 of 3rd period - Gabriel Landeskog is hit by Matt Beleskey and loses puck.
7:19 of 3rd period - Icing by David Savard.
7:20 of 3rd period - Nick Bjugstad wins face-off versus Tyler Bozak in Sharks zone.
7:46 of 3rd period - Minor Penalty to David Savard for Interference.
7:47 of 3rd period - Tyler Bozak wins face-off versus Andrew Shaw in Sharks zone.
7:50 of 3rd period - Shot by Marco Scandella.
7:50 of 3rd period - Shot Blocked by Mark Pysyk.
8:31 of 3rd period - Brian Campbell is hit by Robert Bortuzzo and loses puck.
8:48 of 3rd period - Shot by Brian Campbell.
8:48 of 3rd period - Stopped by Jonas Hiller without a rebound.
8:49 of 3rd period - Ryan Kesler wins face-off versus Charlie Coyle in Sharks zone.
8:56 of 3rd period - Shot by Brad Stuart.
8:56 of 3rd period - Shot Misses the Net.
8:58 of 3rd period - Shot by Brad Stuart.
8:58 of 3rd period - Shot Misses the Net.
9:00 of 3rd period - Shot by Gabriel Landeskog.
9:00 of 3rd period - Stopped by Jonas Hiller without a rebound.
9:01 of 3rd period - Andrew Shaw wins face-off versus Tyler Bozak in Sharks zone.
9:24 of 3rd period - Shot by Marco Scandella.
9:24 of 3rd period - Shot Blocked by Martin Marincin.
9:26 of 3rd period - Shot by Matt Read.
9:26 of 3rd period - Stopped by Jonas Hiller without a rebound.
9:27 of 3rd period - Ryan Kesler wins face-off versus Charlie Coyle in Sharks zone.
9:27 of 3rd period - Mikkel Boedker is hit by Robert Bortuzzo and loses puck.
10:02 of 3rd period - Shot by Martin Havlat.
10:02 of 3rd period - Stopped by Cam Ward without a rebound.
10:03 of 3rd period - Alexander Wennberg wins face-off versus Ryan Kesler in Oilers zone.
10:26 of 3rd period - Alexander Wennberg is hit by Marco Scandella and loses puck.
10:32 of 3rd period - Colin McDonald is hit by Marco Scandella and loses puck.
11:06 of 3rd period - Shot by Matt Beleskey.
11:06 of 3rd period - Shot Blocked by Marco Scandella.
11:08 of 3rd period - Shot by Charlie Coyle.
11:08 of 3rd period - Stopped by Cam Ward with a rebound.
11:11 of 3rd period - Minor Penalty to Marco Scandella for Tripping.
11:12 of 3rd period - Dominic Moore wins face-off versus Nick Bjugstad in Oilers zone.
11:21 of 3rd period - Shot by David Savard.
11:21 of 3rd period - Shot Blocked by Jeff Schultz.
11:23 of 3rd period - Shot by Matt Beleskey.
11:23 of 3rd period - Stopped by Cam Ward without a rebound.
11:24 of 3rd period - Dominic Moore wins face-off versus Alexander Wennberg in Oilers zone.
11:30 of 3rd period - Icing by Charlie Coyle.
11:31 of 3rd period - Dominic Moore wins face-off versus Alexander Wennberg in Sharks zone.
11:34 of 3rd period - Shot by Brad Stuart.
11:34 of 3rd period - Stopped by Jonas Hiller without a rebound.
11:35 of 3rd period - Matt Beleskey wins face-off versus Dominic Moore in Sharks zone.
12:33 of 3rd period - Andrej Sustr is hit by Ryan Kesler and loses puck.
12:40 of 3rd period - Shot by Nikolai Kulemin.
12:40 of 3rd period - Shot Hit the Post.
12:42 of 3rd period - Shot by Andrej Sustr.
12:42 of 3rd period - Shot Misses the Net.
12:44 of 3rd period - Shot by Andrej Sustr.
12:44 of 3rd period - Deflect By Charlie Coyle.
12:44 of 3rd period - Shot Misses the Net.
12:46 of 3rd period - Shot by Alexander Wennberg.
12:46 of 3rd period - Shot Misses the Net.
12:48 of 3rd period - Shot by Mark Pysyk.
12:48 of 3rd period - Shot Misses the Net.
12:50 of 3rd period - Shot by Alexander Wennberg.
12:50 of 3rd period - Shot Misses the Net.
12:52 of 3rd period - Shot by Mark Pysyk.
12:52 of 3rd period - Shot Misses the Net.
12:54 of 3rd period - Shot by Nikolai Kulemin.
12:54 of 3rd period - Stopped by Cam Ward with a rebound.
13:15 of 3rd period - Martin Havlat is hit by Marco Scandella and loses puck.
13:53 of 3rd period - Shot by Justin Williams.
13:53 of 3rd period - Stopped by Jonas Hiller without a rebound.
13:54 of 3rd period - Aleksander Barkov wins face-off versus Alexander Wennberg in Sharks zone.
13:55 of 3rd period - Shot by Mikkel Boedker.
13:55 of 3rd period - Shot Blocked by David Savard.
14:37 of 3rd period - Off-side.
14:38 of 3rd period - Andrew Shaw wins face-off versus Ryan Kesler in neutral zone.
14:41 of 3rd period - Jeff Schultz is hit by Andrew Shaw and loses puck.
14:53 of 3rd period - Ryan Kesler is hit by Andrej Sustr and loses puck.
15:07 of 3rd period - Minor Penalty to Andrej Sustr for Slashing.
15:07 of 3rd period - Minor Penalty to Jay Beagle for Holding.
15:08 of 3rd period - Bo Horvat wins face-off versus Nick Bjugstad in Sharks zone.
15:08 of 3rd period - Marc-Edouard Vlasic is hit by Robert Bortuzzo and loses puck.
15:15 of 3rd period - Shot by Bo Horvat.
15:15 of 3rd period - Stopped by Jonas Hiller without a rebound.
15:16 of 3rd period - Andrew Shaw wins face-off versus Scottie Upshall in Sharks zone.
15:48 of 3rd period - Shot by David Savard.
15:48 of 3rd period - Stopped by Cam Ward without a rebound.
15:49 of 3rd period - Landon Ferraro wins face-off versus Nick Bjugstad in Oilers zone.
16:27 of 3rd period - Icing by Brian Campbell.
16:28 of 3rd period - Andrew Shaw wins face-off versus Bo Horvat in Oilers zone.
16:43 of 3rd period - Landon Ferraro is hit by Andrew Shaw and loses puck.
16:56 of 3rd period - Shot by Nikolai Kulemin.
16:56 of 3rd period - Shot Hit the Post.
16:58 of 3rd period - Shot by Nikolai Kulemin.
16:58 of 3rd period - Stopped by Cam Ward with a rebound.
17:00 of 3rd period - Shot by Nikolai Kulemin.
17:00 of 3rd period - Shot Misses the Net.
17:02 of 3rd period - Shot by Nikolai Kulemin.
17:02 of 3rd period - Shot Misses the Net.
17:04 of 3rd period - Shot by Ladislav Smid.
17:04 of 3rd period - Shot Hit the Post.
17:06 of 3rd period - Shot by Andrew Shaw.
17:06 of 3rd period - Stopped by Cam Ward without a rebound.
17:07 of 3rd period - Tyler Bozak wins face-off versus Nick Bjugstad in Oilers zone.
17:18 of 3rd period - Shot by David Savard.
17:18 of 3rd period - Shot Blocked by Marco Scandella.
17:51 of 3rd period - Icing by Brad Stuart.
17:52 of 3rd period - Tyler Bozak wins face-off versus Alexander Wennberg in Oilers zone.
18:25 of 3rd period - Shot by Mikkel Boedker.
18:25 of 3rd period - Shot Blocked by Ladislav Smid.
18:27 of 3rd period - Shot by Jeff Schultz.
18:27 of 3rd period - Shot Blocked by Alexander Wennberg.
18:33 of 3rd period - Colin McDonald is hit by Matt Read and loses puck.
18:50 of 3rd period - Shot by Aleksander Barkov.
18:50 of 3rd period - Stopped by Jonas Hiller with a rebound.
19:08 of 3rd period - Shot by Ryan Kesler.
19:08 of 3rd period - Shot Misses the Net.
Goals for this period are 0 for Oilers vs 0 for Sharks.
Shots for this period are 15 for Oilers vs 7 for Sharks.